 Dungeon Crawl Stone Soup version 0.24-a0-464-g6b2be6b8c7 (webtiles) character file.

Game seed: 2120354958476482221

206 Bikalo the Ruffian (level 5, 0/53 HPs)
             Began as a Troll Monk on July 4, 2019.
             Was a Believer of Okawaru.
             Killed by nerve-wracking pain
             ... invoked by a shadow imp
             ... summoned by Eustachio
              (14 damage)
             ... on level 4 of the Dungeon.
             The game lasted 00:06:10 (2417 turns).

Bikalo the Ruffian (Troll Monk)                     Turns: 2417, Time: 00:06:11

Health: 0/53       AC:  6    Str: 19      XL:     5   Next: 53%
Magic:  4/4        EV: 11    Int:  6      God:    Okawaru [**....]
Gold:   92         SH:  0    Dex: 12 (13) Spells: 4/4 levels left

rFire    . . .     SeeInvis .     - Unarmed
rCold    . . .     Gourm    +   (no shield)
rNeg     . . .     Faith    .   q - +0 animal skin
rPois    .         Spirit   .   (helmet restricted)
rElec    .         Reflect  .   (no cloak)
rCorr    .         Harm     .   (gloves unavailable)
MR       +....                  (boots unavailable)
Stlth    ++........             d - amulet of the gourmand
HPRegen  0.57/turn              l - ring of protection from magic
MPRegen  0.09/turn              (no ring)

@: no status effects
A: large, unfitting armour, claws 3, fast metabolism 3, gourmand, regeneration
1, shaggy fur 1, tough skin 3
a: Heroism, Renounce Religion


You were on level 4 of the Dungeon.
You worshipped Okawaru.
Okawaru was pleased with you.
You were not hungry.

You visited 1 branch of the dungeon, and saw 4 of its levels.

You collected 92 gold pieces.

Inventory:

Armour
 a - a +0 robe
 q - a +0 animal skin (worn)
Jewellery
 d - an amulet of the gourmand (around neck)
 l - a ring of protection from magic (left claw)
Scrolls
 c - 2 scrolls of identify {unknown}
 e - a scroll of blinking {unknown}
 g - a scroll of fog {unknown}
 i - 3 scrolls of remove curse {unknown}
 j - 2 scrolls of enchant armour {unknown}
 n - a scroll of amnesia {unknown}
 t - a scroll of teleportation {unknown}
Potions
 f - a potion of heal wounds {unknown}
 h - a potion of invisibility {unknown}
 k - a potion of berserk rage {unknown}
 m - a potion of curing {unknown}
 o - 2 potions of haste {unknown}
 p - a potion of flight {unknown}
 r - 2 potions of might {unknown}
 s - 3 potions of cancellation {unknown}
Comestibles
 b - 9 rations


   Skills:
 + Level 3.2 Fighting
 + Level 1.9 Throwing
 + Level 3.1 Dodging
 - Level 1.0 Stealth
 * Level 4.5 Unarmed Combat


You had 4 spell levels left.
You didn't know any spells.
Your spell library was empty.

Dungeon Overview and Level Annotations

Branches:
Dungeon (4/15)
 Temple: D:4-7

Altars:
Okawaru

Annotations:
D:4 Eustachio


Innate Abilities, Weirdness & Mutations

You are too large for most types of armour.
You have claws for hands.
Your metabolism is lightning-fast.
You like to eat raw meat.
Your natural rate of healing is unusually fast.
You are covered in fur. (AC +1)
You have extremely tough skin. (AC +3)


Message History

The white imp gestures at you. The puff of frost hits you.
The white imp closely misses you.
The quokka bites you but does no damage.
The river rat closely misses you.
A leopard gecko skeleton comes into view.
The shadow imp hits you but does no damage.
The white imp spits at you. The quokka barely misses you.
The leopard gecko skeleton moves out of view.
The white imp gestures at you. The puff of frost hits you.
* * * LOW HITPOINT WARNING * * *
Eustachio casts a spell.
Eustachio blinks!
The quokka bites you but does no damage.
Eustachio gestures wildly while chanting.
Eustachio blinks!
The white imp barely misses you. The shadow imp gestures at you.
Pain shoots through your body!
You die...

... ....#
####+##+##+#.@..#
................#
............[....#
..............ยง..#
........@........+ ...
........r..Z.....# ...
......r5.5......##+ #..
###.....r.#######..###..
#....5..# #..........
#.......# #..........
#.......# #..........
#.......# +..........
#.......#########.####


You could see Eustachio, a river rat, 2 white imps, a shadow imp, a quokka, a
rat and a leopard gecko skeleton.

Vanquished Creatures
  A hound (D:4)
  An iguana (D:4)
  Robin (D:3)
  4 gnolls (D:3)
  An adder (D:3)
  A worm (D:2)
  A dart slug (D:2)
  2 leopard geckos (D:2)
  An orc (D:4)
  8 bats
  6 giant cockroaches
  9 hobgoblins
  8 jackals
  4 kobolds
  A quokka (D:2)
  4 ball pythons
  9 frilled lizards
  11 goblins
  9 rats
82 creatures vanquished.

Notes
Turn   | Place    | Note
-------+----------+-------------------------------------------
     0 | D:1      | Bikalo the Troll Monk began the quest for the Orb.
     0 | D:1      | Reached XP level 1. HP: 22/22 MP: 0/0
    88 | D:1      | Found an iron altar of Okawaru.
    98 | D:1      | Became a worshipper of Warmaster Okawaru
    98 | D:1      | Reached * piety under Okawaru
    98 | D:1      | Reached ** piety under Okawaru
   111 | D:1      | Reached XP level 2. HP: 26/29 MP: 1/1
   807 | D:2      | Reached XP level 3. HP: 36/36 MP: 2/2
   925 | D:2      | Reached skill level 1 in Throwing
  1315 | D:3      | Noticed Robin
  1337 | D:3      | Reached XP level 4. HP: 21/44 MP: 3/3
  1338 | D:3      | Killed Robin
  1345 | D:3      | Reached skill level 4 in Unarmed Combat
  1935 | D:3      | Reached XP level 5. HP: 53/53 MP: 4/4
  2348 | D:4      | Noticed Eustachio
  2417 | D:4      | Killed from afar by a shadow imp

Levels and vault maps discovered:
D:1:      dpeg_arrival_simpleton_a, layout_basic, okawaru_ov_weapons_minmay
D:2:      layout_loops_ring
D:3:      layout_basic, uniq_robin
D:4:      layout_gridville, item_on_display_a, uniq_eustachio

Skill      XL: |  1  2  3  4 |
---------------+-------------+-----
Throwing       | 1 |  1.9
Unarmed Combat | 4 |  4.5
Fighting       | 3 |  3.2
Dodging        | 3 |  3.1
Stealth        | |  1.0

Action                   |  1- 3 |  4- 6 || total
-------------------------+-------+-------++-------
Melee: Unarmed           |   124 |    81 ||   205
       Punch             |     2 |     1 ||     3
Invok: Heroism           |       |     1 ||     1
 Stab: Sleeping          |     6 |     1 ||     7
  Eat: Chunk             |    18 |     4 ||    22
Armor: Robe              |    48 |       ||    48
       Animal skin       |       |    62 ||    62
Dodge: Dodged            |    81 |   137 ||   218

Table legend:
 A = Non-vault XP
 B = Vault XP
 C = Vault XP percentage of total XP
 D = Non-vault monster count
 E = Vault monster count
 F = Vault count percentage of total count
                 A         B        C        D         E       F
            +---------+---------+-------+---------+---------+-------
      Total |     256 |      39 |  13.2 |      69 |      13 |  15.9
            +---------+---------+-------+---------+---------+-------
        D:1 |      28 |       0 |   0.0 |      19 |       0 |   0.0
        D:2 |      53 |       0 |   0.0 |      30 |       0 |   0.0
        D:3 |      93 |      39 |  29.5 |      17 |      13 |  43.3
        D:4 |      82 |       0 |   0.0 |       3 |       0 |   0.0
            +---------+---------+-------+---------+---------+-------
